WCHLSIM.com - West Coast Hockey League
html PUBLIC "-//W3C//DTD XHTML 1.0 Transitional//EN" "http://www.w3.org/TR/xhtml1/DTD/xhtml1-transitional.dtd"> WCHL - Game 183 - EDMONTON ICE vs SACRAMENTO BANDITS

EDMONTON ICE vs SACRAMENTO BANDITS

Created - 9 novembre 2021 at 20:22

Goals
1 2 3 OT1 T
EDMONTON ICE 1 1 0 1 3
SACRAMENTO BANDITS 0 1 1 0 2
Shots
1 2 3 OT1 T
EDMONTON ICE 13 8 9 1 31
SACRAMENTO BANDITS 4 10 10 0 24

1st period

1. EDMONTON ICE , Vincent Trocheck 8 (Timo Meier 5) at 1:56

Penalties :
Mikhail Sergachev (SAC) for High sticking (Minor) at 6:47, Jonathan Huberdeau (SAC) for Hooking (Minor) at 11:21, Lars Eller (SAC) for Hooking (Minor) at 15:58

2nd period

2. EDMONTON ICE , Joel Eriksson Ek 7 (Ryan O'Reilly 9, Zach Whitecloud 1) at 2:25
3. SACRAMENTO BANDITS , Aleksander Barkov 5 (Jonathan Huberdeau 9) at 16:13

Penalties :
Vincent Trocheck (EDM) for Interference (Minor) at 4:48, John Carlson (SAC) for Hooking (Minor) at 9:14

3rd period

4. SACRAMENTO BANDITS , Colton Sissons 2 (Carter Verhaeghe 3, Ben Harpur 2) at 18:35

Penalties :
Vincent Trocheck (EDM) for Hooking (Minor) at 12:15

Overtime #1

5. EDMONTON ICE , Vincent Trocheck 9 (Shea Theodore 6, Ryan O'Reilly 10) at 0:41

Penalties :
No Penalty

Goalie Stats

Philipp Grubauer (EDM), 22 saves from 24 shots - (0,917), W, 8-3-0, 60:42 minutes
Andrei Vasilevskiy (SAC), 28 saves from 31 shots - (0,903), OTL, 7-1-2, 60:42 minutes

Players Stats for EDMONTON ICE

Player Name              G  A  P  +/- PIM S  H  SB GA TA FO     MP     PP MP  PK MP  
------------------------------------------------------------------------------------
Anthony Mantha           0  0  0   0  0   0  0  0  0  0  0/2    15:14   4:06   0:00 
Boone Jenner             0  0  0   0  0   1  0  0  0  0  9/21   18:04   0:00   2:39 
Jeff Petry               0  0  0  -1  0   2  1  0  0  0  0/0    22:18   3:38   0:00 
Joel Eriksson Ek         1  0  1  -1  0   6  1  1  0  0  0/1    19:26   3:14   0:00 
John Leonard             0  0  0   0  0   0  0  0  0  0  0/0     2:15   0:00   2:15 
Jonas Brodin             0  0  0   1  0   0  1  2  0  0  0/0    22:39   3:54   1:14 
Mathieu Perreault        0  0  0   0  0   0  3  0  0  0  0/0    15:25   0:00   0:00 
Nikita Zaitsev           0  0  0   0  0   2  1  2  0  0  0/0    19:31   4:18   2:44 
Phil Kessel              0  0  0   1  0   4  0  0  0  0  0/1    20:47   4:18   0:00 
Reese Johnson            0  0  0   0  0   0  0  0  0  0  0/0     0:24   0:24   0:00 
Ryan Graves              0  0  0   1  0   0  0  1  0  0  0/0    18:11   0:00   1:14 
Ryan O'Reilly            0  2  2   0  0   3  0  0  0  0  16/25  20:20   3:26   0:00 
Scott Laughton           0  0  0  -1  0   1  4  0  0  0  1/1    17:55   0:00   1:43 
Shea Theodore            0  1  1   0  0   2  1  2  0  0  0/0    22:26   3:38   0:00 
Tanner Jeannot           0  0  0   0  0   1  0  0  0  0  0/0     6:00   0:24   1:19 
Timo Meier               0  1  1   1  0   3  1  0  0  0  1/1    20:47   4:18   0:00 
Vincent Trocheck         2  0  2   2  4   6  1  1  0  0  12/22  20:47   3:38   0:00 
Zach Whitecloud          0  1  1   0  0   0  0  1  0  0  0/0    15:37   0:24   2:44 

Players Stats for SACRAMENTO BANDITS

Player Name              G  A  P  +/- PIM S  H  SB GA TA FO     MP     PP MP  PK MP  
------------------------------------------------------------------------------------
Aleksander Barkov        1  0  1  -1  0   7  1  2  0  0  15/28  23:55   2:20   4:25 
Alexander DeBrincat      0  0  0   0  0   3  1  0  0  0  0/1    19:23   2:20   0:35 
Ben Harpur               0  1  1   2  0   1  0  0  0  0  0/0    13:52   0:00   0:38 
Brock Boeser             0  0  0  -1  0   1  2  0  0  0  0/0    16:22   1:38   0:00 
Cal Clutterbuck          0  0  0   0  0   0  1  0  0  0  0/1     4:55   0:00   0:00 
Carter Verhaeghe         0  1  1   1  0   2  0  0  0  0  0/0    11:59   0:00   0:00 
Colton Sissons           1  0  1   1  0   1  0  0  0  0  6/10   11:59   0:00   0:00 
Filip Hronek             0  0  0  -1  0   0  1  0  0  0  0/0    22:29   1:45   4:23 
Gabriel Dumont           0  0  0   0  0   0  0  0  0  0  0/0     4:55   0:00   0:00 
Jamie Benn               0  0  0  -1  0   2  2  0  0  0  2/5    19:53   1:38   3:31 
Joel Edmundson           0  0  0  -1  0   0  3  0  0  0  0/0    22:13   1:45   4:07 
John Carlson             0  0  0  -2  2   1  5  1  0  0  0/0    24:00   2:13   2:35 
Jonathan Huberdeau       0  1  1  -1  2   3  2  0  0  0  1/3    22:39   2:20   3:10 
Kyle Turris              0  0  0   0  0   0  0  0  0  0  1/5     4:55   0:00   0:00 
Lars Eller               0  0  0  -1  2   3  0  1  0  0  9/19   18:33   1:38   2:12 
Mikhail Sergachev        0  0  0  -1  2   0  2  0  0  0  0/0    22:28   2:13   2:46 
Niko Mikkola             0  0  0   2  0   0  4  0  0  0  0/0    15:38   0:00   1:23 
Tom Wilson               0  0  0   1  0   0  1  0  0  0  1/2    13:58   0:00   1:59 

3 Stars

1 - Vincent Trocheck (EDM)
2 - Colton Sissons (SAC)
3 - Ryan O'Reilly (EDM)

Power Play

EDMONTON ICE - 0 on 4 Attempt(s) - 0,00%
SACRAMENTO BANDITS - 0 on 2 Attempt(s) - 0,00%

Penalty Kill

EDMONTON ICE - 2 on 2 Attempt(s) - 100,00% - Score 0 goal in Penalty Kill
SACRAMENTO BANDITS - 4 on 4 Attempt(s) - 100,00% - Score 0 goal in Penalty Kill

Team Stat

EDMONTON ICE - Hits : 14 - Faceoff Wins : 39 - Blocked Shots : 10 - Penalty Minutes : 4
SACRAMENTO BANDITS - Hits : 25 - Faceoff Wins : 35 - Blocked Shots : 4 - Penalty Minutes : 8

Official

Referees : Brian Pochmara and Michael Markovic
Linesman : Jesse Marquis and Bevan Mills

Game Notes

No Game Note

Finance

Level 1 -- Attendance: 6205 (100,00%) -- Ticket Income 992 800 $
Level 2 -- Attendance: 4171 (79,00%) -- Ticket Income 583 940 $
Level 3 -- Attendance: 1781 (83,42%) -- Ticket Income 213 720 $
Level 4 -- Attendance: 2823 (65,96%) -- Ticket Income 254 070 $
Luxury Box -- Attendance: 854 (84,55%) -- Ticket Income 256 200 $
Game was played at the Sacramento Center Palace.
Total Attendance: 15834 (83,73%)
Total Ticket Income: 2 300 730 $
Other Expense: 23 007 $
Total Income: 2 277 723 $

EDMONTON ICE

5 vs 5 Forward 
   Center                   Left Wing                Right Wing               Time % Phy DF OF 
 1 Ryan O'Reilly            Scott Laughton           Joel Eriksson Ek         37     0   2  3  
 2 Vincent Trocheck         Timo Meier               Phil Kessel              36     1   2  2  
 3 Boone Jenner             Mathieu Perreault        Anthony Mantha           22     1   3  1  
 4 Boone Jenner             Mathieu Perreault        Tanner Jeannot           5      0   5  0  

5 vs 5 Defense 
   Defense                  Defense                                           Time % Phy DF OF 
 1 Shea Theodore            Jeff Petry                                        37     0   2  3  
 2 Jonas Brodin             Ryan Graves                                       34     0   3  2  
 3 Nikita Zaitsev           Zach Whitecloud                                   23     1   3  1  
 4 Jonas Brodin             Jeff Petry                                        6      0   3  2  

PowerPlay Forward 
   Center                   Left Wing                Right Wing               Time % Phy DF OF 
 1 Ryan O'Reilly            Timo Meier               Phil Kessel              60     0   1  4  
 2 Vincent Trocheck         Joel Eriksson Ek         Anthony Mantha           40     0   2  3  

PowerPlay Defense
   Defense                  Defense                                           Time % Phy DF OF 
 1 Shea Theodore            Jeff Petry                                        55     0   2  3  
 2 Jonas Brodin             Nikita Zaitsev                                    45     1   2  2  

Penalty Kill 4 Players Forward 
   Center                   Wing                     Time % Phy DF OF 
 1 Boone Jenner             John Leonard             57     0   4  1  
 2 Scott Laughton           Tanner Jeannot           43     0   4  1  

Penalty Kill 4 Players Defense
   Defense                  Defense                  Time % Phy DF OF 
 1 Jonas Brodin             Ryan Graves              57     0   5  0  
 2 Zach Whitecloud          Nikita Zaitsev           43     0   5  0  

Penalty Kill - 3 Players Forward 
   Forward                                           Time % Phy DF OF 
 1 Boone Jenner                                      55     0   5  0  
 2 Joel Eriksson Ek                                  45     0   5  0  

Penalty Kill - 3 Players Defense
   Defense                  Defense                  Time % Phy DF OF 
 1 Jonas Brodin             Ryan Graves              55     0   5  0  
 2 Zach Whitecloud          Nikita Zaitsev           45     0   5  0  

4 vs 4 Forward 
   Center                   Wing                     Time % Phy DF OF 
 1 Ryan O'Reilly            Anthony Mantha           55     1   2  2  
 2 Vincent Trocheck         Boone Jenner             45     1   2  2  

4 vs 4 Defense
   Defense                  Defense                  Time % Phy DF OF 
 1 Shea Theodore            Jeff Petry               55     1   2  2  
 2 Jonas Brodin             Ryan Graves              45     1   2  2  

Last Minutes Offensive
   Center                   Left Wing                Right Wing               Defense                  Defense                  
   Ryan O'Reilly            Anthony Mantha           Phil Kessel              Shea Theodore            Jeff Petry               

Last Minutes Defensive
   Center                   Left Wing                Right Wing               Defense                  Defense                  
   Ryan O'Reilly            Boone Jenner             Joel Eriksson Ek         Ryan Graves              Jonas Brodin             

Goaltenders
Starting : Philipp Grubauer         
Backup : Alex Nedeljkovic         

Extra Forwards
Normal : Anthony Mantha, Joel Eriksson Ek, Phil Kessel - PP : Anthony Mantha, Timo Meier - PK : Scott Laughton
Extra Defensemen
Normal : Ryan Graves, Jonas Brodin, Zach Whitecloud - PP : Ryan Graves - PK : Shea Theodore, Jeff Petry
Penalty Shots
Vincent Trocheck, Ryan O'Reilly, Phil Kessel, Joel Eriksson Ek, Anthony Mantha
Custom OT Lines Forwards
Ryan O'Reilly, Vincent Trocheck, Phil Kessel, Timo Meier, Joel Eriksson Ek, Anthony Mantha, Scott Laughton, Boone Jenner, Mathieu Perreault, John Leonard
Custom OT Lines Defensemen
Shea Theodore, Jeff Petry, Jonas Brodin, Nikita Zaitsev, Ryan Graves

Scratches
Austin Watson (Torn Left MCL Injury), Patric Hornqvist (Left Leg Injury)

SACRAMENTO BANDITS

5 vs 5 Forward 
   Center                   Left Wing                Right Wing               Time % Phy DF OF 
 1 Aleksander Barkov        Jonathan Huberdeau       Alexander DeBrincat      36     1   2  2  
 2 Lars Eller               Jamie Benn               Brock Boeser             31     1   2  2  
 3 Colton Sissons           Carter Verhaeghe         Tom Wilson               23     1   2  2  
 4 Kyle Turris              Cal Clutterbuck          Gabriel Dumont           10     1   2  2  

5 vs 5 Defense 
   Defense                  Defense                                           Time % Phy DF OF 
 1 John Carlson             Mikhail Sergachev                                 36     1   2  2  
 2 Joel Edmundson           Filip Hronek                                      36     1   2  2  
 3 Ben Harpur               Niko Mikkola                                      28     1   2  2  
 4 Niko Mikkola             John Carlson                                      0      1   2  2  

PowerPlay Forward 
   Center                   Left Wing                Right Wing               Time % Phy DF OF 
 1 Aleksander Barkov        Jonathan Huberdeau       Alexander DeBrincat      55     1   2  2  
 2 Lars Eller               Jamie Benn               Brock Boeser             45     1   2  2  

PowerPlay Defense
   Defense                  Defense                                           Time % Phy DF OF 
 1 John Carlson             Mikhail Sergachev                                 55     1   2  2  
 2 Joel Edmundson           Filip Hronek                                      45     1   2  2  

Penalty Kill 4 Players Forward 
   Center                   Wing                     Time % Phy DF OF 
 1 Aleksander Barkov        Jonathan Huberdeau       55     1   2  2  
 2 Jamie Benn               Lars Eller               45     1   2  2  

Penalty Kill 4 Players Defense
   Defense                  Defense                  Time % Phy DF OF 
 1 John Carlson             Mikhail Sergachev        55     1   2  2  
 2 Joel Edmundson           Filip Hronek             45     1   2  2  

Penalty Kill - 3 Players Forward 
   Forward                                           Time % Phy DF OF 
 1 Aleksander Barkov                                 55     1   2  2  
 2 Jonathan Huberdeau                                45     1   2  2  

Penalty Kill - 3 Players Defense
   Defense                  Defense                  Time % Phy DF OF 
 1 John Carlson             Mikhail Sergachev        55     1   2  2  
 2 Joel Edmundson           Filip Hronek             45     1   2  2  

4 vs 4 Forward 
   Center                   Wing                     Time % Phy DF OF 
 1 Aleksander Barkov        Jonathan Huberdeau       55     1   2  2  
 2 Jamie Benn               Lars Eller               45     1   2  2  

4 vs 4 Defense
   Defense                  Defense                  Time % Phy DF OF 
 1 John Carlson             Mikhail Sergachev        55     1   2  2  
 2 Joel Edmundson           Filip Hronek             45     1   2  2  

Last Minutes Offensive
   Center                   Left Wing                Right Wing               Defense                  Defense                  
   Aleksander Barkov        Jonathan Huberdeau       Alexander DeBrincat      John Carlson             Mikhail Sergachev        

Last Minutes Defensive
   Center                   Left Wing                Right Wing               Defense                  Defense                  
   Aleksander Barkov        Jonathan Huberdeau       Alexander DeBrincat      John Carlson             Mikhail Sergachev        

Goaltenders
Starting : Andrei Vasilevskiy       
Backup : Filip Gustavsson         

Extra Forwards
Normal : Cal Clutterbuck, Brock Boeser, Tom Wilson - PP : Cal Clutterbuck, Brock Boeser - PK : Tom Wilson
Extra Defensemen
Normal : Ben Harpur, Mikhail Sergachev, Niko Mikkola - PP : Ben Harpur - PK : Niko Mikkola, Mikhail Sergachev
Penalty Shots
Aleksander Barkov, Jonathan Huberdeau, Jamie Benn, Lars Eller, Alexander DeBrincat
Custom OT Lines Forwards
Aleksander Barkov, Jonathan Huberdeau, Jamie Benn, Lars Eller, Alexander DeBrincat, Carter Verhaeghe, Brock Boeser, Tom Wilson, Colton Sissons, Cal Clutterbuck
Custom OT Lines Defensemen
John Carlson, Mikhail Sergachev, Joel Edmundson, Filip Hronek, Ben Harpur

Scratches
Mattias Ekholm (Sprained Right Finger Injury)

% Time on Ice - EDMONTON ICE

Lines # - Real PCT - Wanted PCT - Time Play
Normal Forward
1 - 34% - 37% - 16:12
2 - 34% - 36% - 16:29
3 - 23% - 22% - 11:08
4 - 9% - 5% - 4:17
Normal Defense
1 - 38% - 37% - 18:06
2 - 35% - 34% - 16:57
3 - 26% - 23% - 12:29
4 - 1% - 6% - 0:34
PP Forward
1 - 54% - 60% - 4:18
2 - 46% - 40% - 3:38
PP Defense
1 - 46% - 55% - 3:38
2 - 54% - 45% - 4:18
PK Forward
1 - 67% - 57% - 2:39
2 - 33% - 43% - 1:19
PK Defense
1 - 31% - 57% - 1:14
2 - 69% - 43% - 2:44
PK3 Forward
1 - 0% - 55%
2 - 0% - 45%
PK3 Defense
1 - 0% - 55%
2 - 0% - 45%
44 Forward
1 - 0% - 55%
2 - 0% - 45%
44 Defense
1 - 0% - 55%
2 - 0% - 45%
Last Minute Offensive  - 0:00
Last Minute Defensive  - 0:00
Total
Forward - 60:00
Defense - 60:00

% Time on Ice - SACRAMENTO BANDITS

Lines # - Real PCT - Wanted PCT - Time Play
Normal Forward
1 - 34% - 36% - 16:28
2 - 31% - 31% - 14:44
3 - 25% - 23% - 11:59
4 - 10% - 10% - 4:55
Normal Defense
1 - 36% - 36% - 17:30
2 - 34% - 36% - 16:21
3 - 28% - 28% - 13:14
4 - 2% - 0% - 1:01
PP Forward
1 - 59% - 55% - 2:20
2 - 41% - 45% - 1:38
PP Defense
1 - 56% - 55% - 2:13
2 - 44% - 45% - 1:45
PK Forward
1 - 56% - 55% - 4:25
2 - 44% - 45% - 3:31
PK Defense
1 - 48% - 55% - 3:49
2 - 52% - 45% - 4:07
PK3 Forward
1 - 0% - 55%
2 - 0% - 45%
PK3 Defense
1 - 0% - 55%
2 - 0% - 45%
44 Forward
1 - 0% - 55%
2 - 0% - 45%
44 Defense
1 - 0% - 55%
2 - 0% - 45%
Last Minute Offensive  - 0:00
Last Minute Defensive  - 0:00
Total
Forward - 60:00
Defense - 60:00

Play-by-Play

1st period


0:01 of 1st period - Ryan O'Reilly wins face-off versus Aleksander Barkov in neutral zone.
0:32 of 1st period - Jeff Petry is hit by Aleksander Barkov and loses puck.
1:23 of 1st period - Icing by Filip Hronek.
1:24 of 1st period - Boone Jenner wins face-off versus Lars Eller in SACRAMENTO BANDITS zone.
1:42 of 1st period - Anthony Mantha is hit by Joel Edmundson and loses puck.
1:45 of 1st period - Shot by Boone Jenner.
1:45 of 1st period - Shot Misses the Net.
1:50 of 1st period - Icing by Lars Eller.
1:51 of 1st period - Vincent Trocheck wins face-off versus Lars Eller in SACRAMENTO BANDITS zone.
1:56 of 1st period - Shot by Vincent Trocheck.
1:56 of 1st period - Goal by Vincent Trocheck - EDMONTON ICE : 1 - SACRAMENTO BANDITS : 0.
1:57 of 1st period - Colton Sissons wins face-off versus Vincent Trocheck in neutral zone.
2:03 of 1st period - Icing by Timo Meier.
2:04 of 1st period - Vincent Trocheck wins face-off versus Colton Sissons in EDMONTON ICE zone.
2:09 of 1st period - Niko Mikkola is hit by Vincent Trocheck and loses puck.
2:21 of 1st period - Shot by Timo Meier.
2:21 of 1st period - Stopped by Andrei Vasilevskiy without a rebound.
2:22 of 1st period - Boone Jenner wins face-off versus Cal Clutterbuck in SACRAMENTO BANDITS zone.
2:28 of 1st period - Shot by Tanner Jeannot.
2:28 of 1st period - Stopped by Andrei Vasilevskiy without a rebound.
2:29 of 1st period - Colton Sissons wins face-off versus Boone Jenner in SACRAMENTO BANDITS zone.
2:44 of 1st period - Shot by Tom Wilson.
2:44 of 1st period - Shot Blocked by Jonas Brodin.
3:02 of 1st period - Shot by Jeff Petry.
3:02 of 1st period - Stopped by Andrei Vasilevskiy without a rebound.
3:03 of 1st period - Vincent Trocheck wins face-off versus Alexander DeBrincat in SACRAMENTO BANDITS zone.
3:04 of 1st period - Shot by Phil Kessel.
3:04 of 1st period - Shot Blocked by John Carlson.
3:11 of 1st period - Vincent Trocheck is hit by Mikhail Sergachev and loses puck.
3:14 of 1st period - Shot by Timo Meier.
3:14 of 1st period - Deflect By Vincent Trocheck.
3:14 of 1st period - Shot Misses the Net.
3:33 of 1st period - Phil Kessel is hit by John Carlson and loses puck.
3:43 of 1st period - Timo Meier is hit by John Carlson and loses puck.
3:58 of 1st period - Shot by Joel Eriksson Ek.
3:58 of 1st period - Shot Misses the Net.
4:00 of 1st period - Shot by Jonas Brodin.
4:00 of 1st period - Shot Misses the Net.
4:04 of 1st period - Shot by Ryan O'Reilly.
4:04 of 1st period - Stopped by Andrei Vasilevskiy without a rebound.
4:05 of 1st period - Kyle Turris wins face-off versus Boone Jenner in SACRAMENTO BANDITS zone.
6:46 of 1st period - Vincent Trocheck is hit by John Carlson and loses puck.
6:47 of 1st period - Minor Penalty to Mikhail Sergachev for High sticking.
6:48 of 1st period - Aleksander Barkov wins face-off versus Anthony Mantha in SACRAMENTO BANDITS zone.
7:17 of 1st period - Shot by Anthony Mantha.
7:17 of 1st period - Shot Misses the Net.
7:33 of 1st period - Shot by Anthony Mantha.
7:33 of 1st period - Shot Misses the Net.
7:35 of 1st period - Shot by Timo Meier.
7:35 of 1st period - Shot Misses the Net.
7:49 of 1st period - Shot by Tanner Jeannot.
7:49 of 1st period - Shot Misses the Net.
8:03 of 1st period - Shot by Vincent Trocheck.
8:03 of 1st period - Stopped by Andrei Vasilevskiy without a rebound.
8:04 of 1st period - Aleksander Barkov wins face-off versus Vincent Trocheck in SACRAMENTO BANDITS zone.
9:13 of 1st period - Kyle Turris is hit by Jeff Petry and loses puck.
9:17 of 1st period - Cal Clutterbuck is hit by Shea Theodore and loses puck.
9:52 of 1st period - Shot by Phil Kessel.
9:52 of 1st period - Shot Misses the Net.
9:54 of 1st period - Shot by Zach Whitecloud.
9:54 of 1st period - Shot Blocked by Lars Eller.
9:56 of 1st period - Shot by Nikita Zaitsev.
9:56 of 1st period - Stopped by Andrei Vasilevskiy without a rebound.
9:57 of 1st period - Ryan O'Reilly wins face-off versus Aleksander Barkov in SACRAMENTO BANDITS zone.
10:16 of 1st period - Shot by Ryan O'Reilly.
10:16 of 1st period - Shot Misses the Net.
10:24 of 1st period - Shot by Joel Eriksson Ek.
10:24 of 1st period - Stopped by Andrei Vasilevskiy without a rebound.
10:25 of 1st period - Lars Eller wins face-off versus Boone Jenner in SACRAMENTO BANDITS zone.
10:25 of 1st period - Lars Eller is hit by Mathieu Perreault.
11:00 of 1st period - Anthony Mantha is hit by Jamie Benn and loses puck.
11:06 of 1st period - Icing by Shea Theodore.
11:07 of 1st period - Aleksander Barkov wins face-off versus Boone Jenner in EDMONTON ICE zone.
11:21 of 1st period - Minor Penalty to Jonathan Huberdeau for Hooking.
11:22 of 1st period - Ryan O'Reilly wins face-off versus Aleksander Barkov in SACRAMENTO BANDITS zone.
11:23 of 1st period - Shot by Jonas Brodin.
11:23 of 1st period - Shot Hit the Post.
12:45 of 1st period - Vincent Trocheck is hit by Alexander DeBrincat and loses puck.
13:10 of 1st period - Shot by Jamie Benn.
13:10 of 1st period - Shot Misses the Net.
13:12 of 1st period - Shot by Lars Eller.
13:12 of 1st period - Shot Blocked by Shea Theodore.
13:52 of 1st period - Shot by Carter Verhaeghe.
13:52 of 1st period - Shot Misses the Net.
13:54 of 1st period - Shot by Carter Verhaeghe.
13:54 of 1st period - Shot Misses the Net.
13:56 of 1st period - Shot by Tom Wilson.
13:56 of 1st period - Shot Blocked by Jonas Brodin.
14:38 of 1st period - Shot by Timo Meier.
14:38 of 1st period - Stopped by Andrei Vasilevskiy without a rebound.
14:39 of 1st period - Ryan O'Reilly wins face-off versus Lars Eller in SACRAMENTO BANDITS zone.
14:46 of 1st period - Shot by Joel Eriksson Ek.
14:46 of 1st period - Stopped by Andrei Vasilevskiy without a rebound.
14:47 of 1st period - Scott Laughton wins face-off versus Aleksander Barkov in SACRAMENTO BANDITS zone.
15:58 of 1st period - Minor Penalty to Lars Eller for Hooking.
15:59 of 1st period - Jamie Benn wins face-off versus Phil Kessel in SACRAMENTO BANDITS zone.
16:13 of 1st period - Icing by Jonas Brodin.
16:14 of 1st period - Ryan O'Reilly wins face-off versus Jamie Benn in EDMONTON ICE zone.
16:43 of 1st period - Shot by Phil Kessel.
16:43 of 1st period - Shot Misses the Net.
16:45 of 1st period - Shot by Nikita Zaitsev.
16:45 of 1st period - Stopped by Andrei Vasilevskiy without a rebound.
16:46 of 1st period - Aleksander Barkov wins face-off versus Vincent Trocheck in SACRAMENTO BANDITS zone.
17:11 of 1st period - Shot by Shea Theodore.
17:11 of 1st period - Shot Blocked by Aleksander Barkov.
17:13 of 1st period - Shot by Vincent Trocheck.
17:13 of 1st period - Deflect By Joel Eriksson Ek.
17:13 of 1st period - Stopped by Andrei Vasilevskiy without a rebound.
17:14 of 1st period - Ryan O'Reilly wins face-off versus Jamie Benn in SACRAMENTO BANDITS zone.
18:11 of 1st period - Icing by Boone Jenner.
18:12 of 1st period - Aleksander Barkov wins face-off versus Boone Jenner in EDMONTON ICE zone.
18:13 of 1st period - Shot by Jonathan Huberdeau.
18:13 of 1st period - Stopped by Philipp Grubauer without a rebound.
18:14 of 1st period - Boone Jenner wins face-off versus Aleksander Barkov in EDMONTON ICE zone.
18:14 of 1st period - Boone Jenner is hit by Jonathan Huberdeau.
18:17 of 1st period - Icing by Mathieu Perreault.
18:18 of 1st period - Boone Jenner wins face-off versus Jonathan Huberdeau in EDMONTON ICE zone.
18:51 of 1st period - Shot by Alexander DeBrincat.
18:51 of 1st period - Stopped by Philipp Grubauer with a rebound.
18:53 of 1st period - Shot by Jonathan Huberdeau.
18:53 of 1st period - Shot Misses the Net.
19:03 of 1st period - Shot by Aleksander Barkov.
19:03 of 1st period - Stopped by Philipp Grubauer with a rebound.
19:08 of 1st period - Icing by Jeff Petry.
19:09 of 1st period - Boone Jenner wins face-off versus Lars Eller in EDMONTON ICE zone.
19:14 of 1st period - Jamie Benn is hit by Mathieu Perreault and loses puck.
19:24 of 1st period - Shot by Mikhail Sergachev.
19:24 of 1st period - Shot Blocked by Shea Theodore.
19:26 of 1st period - Shot by John Carlson.
19:26 of 1st period - Shot Misses the Net.
19:28 of 1st period - Shot by Lars Eller.
19:28 of 1st period - Shot Misses the Net.
19:30 of 1st period - Shot by Jamie Benn.
19:30 of 1st period - Stopped by Philipp Grubauer without a rebound.
19:31 of 1st period - Vincent Trocheck wins face-off versus Tom Wilson in EDMONTON ICE zone.
19:38 of 1st period - Shot by Tom Wilson.
19:38 of 1st period - Shot Misses the Net.
19:58 of 1st period - Shot by Phil Kessel.
19:58 of 1st period - Stopped by Andrei Vasilevskiy without a rebound.
19:59 of 1st period - Ryan O'Reilly wins face-off versus Lars Eller in SACRAMENTO BANDITS zone.
Goals for this period are 1 for EDMONTON ICE vs 0 for SACRAMENTO BANDITS.
Shots for this period are 13 for EDMONTON ICE vs 4 for SACRAMENTO BANDITS.

2nd period


0:01 of 2nd period - Vincent Trocheck wins face-off versus Aleksander Barkov in neutral zone.
0:44 of 2nd period - Shot by Phil Kessel.
0:44 of 2nd period - Shot Hit the Post.
0:51 of 2nd period - Icing by Aleksander Barkov.
0:52 of 2nd period - Aleksander Barkov wins face-off versus Ryan O'Reilly in SACRAMENTO BANDITS zone.
1:28 of 2nd period - Shot by Scott Laughton.
1:28 of 2nd period - Stopped by Andrei Vasilevskiy without a rebound.
1:29 of 2nd period - Tom Wilson wins face-off versus Boone Jenner in SACRAMENTO BANDITS zone.
1:53 of 2nd period - Shot by Carter Verhaeghe.
1:53 of 2nd period - Stopped by Philipp Grubauer without a rebound.
1:54 of 2nd period - Lars Eller wins face-off versus Vincent Trocheck in EDMONTON ICE zone.
2:05 of 2nd period - Shot by Jamie Benn.
2:05 of 2nd period - Stopped by Philipp Grubauer without a rebound.
2:06 of 2nd period - Aleksander Barkov wins face-off versus Ryan O'Reilly in EDMONTON ICE zone.
2:06 of 2nd period - Jonathan Huberdeau is hit by Nikita Zaitsev and loses puck.
2:16 of 2nd period - Joel Eriksson Ek is hit by John Carlson and loses puck.
2:25 of 2nd period - Shot by Joel Eriksson Ek.
2:25 of 2nd period - Goal by Joel Eriksson Ek - EDMONTON ICE : 2 - SACRAMENTO BANDITS : 0.
2:26 of 2nd period - Vincent Trocheck wins face-off versus Lars Eller in neutral zone.
2:49 of 2nd period - Shot by Vincent Trocheck.
2:49 of 2nd period - Stopped by Andrei Vasilevskiy with a rebound.
2:51 of 2nd period - Shot by Timo Meier.
2:51 of 2nd period - Stopped by Andrei Vasilevskiy without a rebound.
2:52 of 2nd period - Aleksander Barkov wins face-off versus Ryan O'Reilly in SACRAMENTO BANDITS zone.
3:25 of 2nd period - Shot by Jonathan Huberdeau.
3:25 of 2nd period - Shot Misses the Net.
3:29 of 2nd period - Shot by Aleksander Barkov.
3:29 of 2nd period - Stopped by Philipp Grubauer with a rebound.
3:52 of 2nd period - Icing by Shea Theodore.
3:53 of 2nd period - Lars Eller wins face-off versus Ryan O'Reilly in EDMONTON ICE zone.
4:48 of 2nd period - Minor Penalty to Vincent Trocheck for Interference.
4:49 of 2nd period - Boone Jenner wins face-off versus Aleksander Barkov in EDMONTON ICE zone.
5:37 of 2nd period - Shot by Alexander DeBrincat.
5:37 of 2nd period - Stopped by Philipp Grubauer without a rebound.
5:38 of 2nd period - Lars Eller wins face-off versus Boone Jenner in EDMONTON ICE zone.
7:31 of 2nd period - Shot by Timo Meier.
7:31 of 2nd period - Shot Misses the Net.
7:33 of 2nd period - Shot by Shea Theodore.
7:33 of 2nd period - Shot Misses the Net.
7:35 of 2nd period - Shot by Vincent Trocheck.
7:35 of 2nd period - Shot Misses the Net.
8:53 of 2nd period - Jonathan Huberdeau is hit by Jonas Brodin.
8:55 of 2nd period - Shot by Aleksander Barkov.
8:55 of 2nd period - Stopped by Philipp Grubauer without a rebound.
8:56 of 2nd period - Ryan O'Reilly wins face-off versus Lars Eller in EDMONTON ICE zone.
8:56 of 2nd period - Jeff Petry is hit by Brock Boeser and loses puck.
9:14 of 2nd period - Minor Penalty to John Carlson for Hooking.
9:15 of 2nd period - Ryan O'Reilly wins face-off versus Aleksander Barkov in SACRAMENTO BANDITS zone.
9:43 of 2nd period - Shot by Ryan O'Reilly.
9:43 of 2nd period - Stopped by Andrei Vasilevskiy without a rebound.
9:44 of 2nd period - Aleksander Barkov wins face-off versus Joel Eriksson Ek in SACRAMENTO BANDITS zone.
9:57 of 2nd period - Shot by Jamie Benn.
9:57 of 2nd period - Shot Misses the Net.
10:46 of 2nd period - Jeff Petry is hit by Joel Edmundson and loses puck.
10:51 of 2nd period - Shot by Ryan O'Reilly.
10:51 of 2nd period - Stopped by Andrei Vasilevskiy without a rebound.
10:52 of 2nd period - Timo Meier wins face-off versus Aleksander Barkov in SACRAMENTO BANDITS zone.
11:09 of 2nd period - Shot by Shea Theodore.
11:09 of 2nd period - Stopped by Andrei Vasilevskiy without a rebound.
11:10 of 2nd period - Jamie Benn wins face-off versus Ryan O'Reilly in SACRAMENTO BANDITS zone.
12:38 of 2nd period - Shot by Alexander DeBrincat.
12:38 of 2nd period - Stopped by Philipp Grubauer without a rebound.
12:39 of 2nd period - Vincent Trocheck wins face-off versus Lars Eller in EDMONTON ICE zone.
12:59 of 2nd period - Icing by Jonas Brodin.
13:00 of 2nd period - Aleksander Barkov wins face-off versus Vincent Trocheck in EDMONTON ICE zone.
13:14 of 2nd period - Shot by Jonathan Huberdeau.
13:14 of 2nd period - Stopped by Philipp Grubauer with a rebound.
13:16 of 2nd period - Shot by Alexander DeBrincat.
13:16 of 2nd period - Shot Blocked by Vincent Trocheck.
13:18 of 2nd period - Shot by Alexander DeBrincat.
13:18 of 2nd period - Shot Misses the Net.
13:29 of 2nd period - Shot by Aleksander Barkov.
13:29 of 2nd period - Shot Misses the Net.
13:31 of 2nd period - Shot by Aleksander Barkov.
13:31 of 2nd period - Shot Misses the Net.
13:33 of 2nd period - Shot by Jonathan Huberdeau.
13:33 of 2nd period - Shot Misses the Net.
13:35 of 2nd period - Shot by Jonathan Huberdeau.
13:35 of 2nd period - Shot Misses the Net.
13:37 of 2nd period - Shot by Jonathan Huberdeau.
13:37 of 2nd period - Stopped by Philipp Grubauer with a rebound.
13:39 of 2nd period - Shot by Aleksander Barkov.
13:39 of 2nd period - Stopped by Philipp Grubauer without a rebound.
13:40 of 2nd period - Ryan O'Reilly wins face-off versus Jamie Benn in EDMONTON ICE zone.
13:40 of 2nd period - Scott Laughton is hit by Brock Boeser and loses puck.
14:00 of 2nd period - Ryan O'Reilly is hit by Joel Edmundson and loses puck.
15:03 of 2nd period - Shot by Boone Jenner.
15:03 of 2nd period - Stopped by Andrei Vasilevskiy without a rebound.
15:04 of 2nd period - Colton Sissons wins face-off versus Vincent Trocheck in SACRAMENTO BANDITS zone.
15:20 of 2nd period - Phil Kessel is hit by Mikhail Sergachev and loses puck.
16:13 of 2nd period - Shot by Aleksander Barkov.
16:13 of 2nd period - Goal by Aleksander Barkov - EDMONTON ICE : 2 - SACRAMENTO BANDITS : 1.
16:14 of 2nd period - Lars Eller wins face-off versus Boone Jenner in neutral zone.
16:40 of 2nd period - Icing by Zach Whitecloud.
16:41 of 2nd period - Aleksander Barkov wins face-off versus Anthony Mantha in EDMONTON ICE zone.
17:40 of 2nd period - Lars Eller is hit by Mathieu Perreault and loses puck.
18:41 of 2nd period - Timo Meier is hit by Jamie Benn and loses puck.
19:09 of 2nd period - Phil Kessel is hit by John Carlson and loses puck.
19:27 of 2nd period - Off-side.
19:28 of 2nd period - Aleksander Barkov wins face-off versus Ryan O'Reilly in neutral zone.
Goals for this period are 1 for EDMONTON ICE vs 1 for SACRAMENTO BANDITS.
Shots for this period are 8 for EDMONTON ICE vs 10 for SACRAMENTO BANDITS.

3rd period


0:01 of 3rd period - Aleksander Barkov wins face-off versus Vincent Trocheck in neutral zone.
0:33 of 3rd period - Shot by Phil Kessel.
0:33 of 3rd period - Stopped by Andrei Vasilevskiy without a rebound.
0:34 of 3rd period - Ryan O'Reilly wins face-off versus Lars Eller in SACRAMENTO BANDITS zone.
1:01 of 3rd period - Shot by Scott Laughton.
1:01 of 3rd period - Shot Hit the Post.
1:29 of 3rd period - Lars Eller is hit by Scott Laughton and loses puck.
2:04 of 3rd period - Shot by Jeff Petry.
2:04 of 3rd period - Stopped by Andrei Vasilevskiy without a rebound.
2:05 of 3rd period - Aleksander Barkov wins face-off versus Boone Jenner in SACRAMENTO BANDITS zone.
2:30 of 3rd period - Shot by Aleksander Barkov.
2:30 of 3rd period - Shot Blocked by Nikita Zaitsev.
3:18 of 3rd period - Vincent Trocheck is hit by Niko Mikkola and loses puck.
3:34 of 3rd period - Vincent Trocheck is hit by Niko Mikkola and loses puck.
4:05 of 3rd period - Shot by Joel Eriksson Ek.
4:05 of 3rd period - Stopped by Andrei Vasilevskiy without a rebound.
4:06 of 3rd period - Boone Jenner wins face-off versus Colton Sissons in SACRAMENTO BANDITS zone.
4:11 of 3rd period - Shot by Boone Jenner.
4:11 of 3rd period - Shot Misses the Net.
5:24 of 3rd period - Shot by Scott Laughton.
5:24 of 3rd period - Shot Misses the Net.
5:35 of 3rd period - Shot by Lars Eller.
5:35 of 3rd period - Stopped by Philipp Grubauer without a rebound.
5:36 of 3rd period - Vincent Trocheck wins face-off versus Kyle Turris in EDMONTON ICE zone.
5:36 of 3rd period - Vincent Trocheck is hit by Cal Clutterbuck.
5:50 of 3rd period - Shot by Timo Meier.
5:50 of 3rd period - Deflect By Phil Kessel.
5:50 of 3rd period - Stopped by Andrei Vasilevskiy with a rebound.
5:52 of 3rd period - Shot by Vincent Trocheck.
5:52 of 3rd period - Stopped by Andrei Vasilevskiy without a rebound.
5:53 of 3rd period - Vincent Trocheck wins face-off versus Lars Eller in SACRAMENTO BANDITS zone.
6:24 of 3rd period - Shot by Brock Boeser.
6:24 of 3rd period - Shot Misses the Net.
6:26 of 3rd period - Shot by Jamie Benn.
6:26 of 3rd period - Deflect By Brock Boeser.
6:26 of 3rd period - Shot Blocked by Nikita Zaitsev.
6:28 of 3rd period - Shot by Lars Eller.
6:28 of 3rd period - Deflect By Brock Boeser.
6:28 of 3rd period - Stopped by Philipp Grubauer with a rebound.
6:49 of 3rd period - Icing by Tom Wilson.
6:50 of 3rd period - Colton Sissons wins face-off versus Ryan O'Reilly in SACRAMENTO BANDITS zone.
7:07 of 3rd period - Shot by Carter Verhaeghe.
7:07 of 3rd period - Stopped by Philipp Grubauer without a rebound.
7:08 of 3rd period - Aleksander Barkov wins face-off versus Boone Jenner in EDMONTON ICE zone.
7:28 of 3rd period - Shot by Jonathan Huberdeau.
7:28 of 3rd period - Shot Misses the Net.
8:35 of 3rd period - Icing by John Carlson.
8:36 of 3rd period - Colton Sissons wins face-off versus Ryan O'Reilly in SACRAMENTO BANDITS zone.
8:36 of 3rd period - Colton Sissons is hit by Scott Laughton.
10:02 of 3rd period - Shot by Aleksander Barkov.
10:02 of 3rd period - Stopped by Philipp Grubauer with a rebound.
10:04 of 3rd period - Shot by Aleksander Barkov.
10:04 of 3rd period - Stopped by Philipp Grubauer without a rebound.
10:05 of 3rd period - Lars Eller wins face-off versus Boone Jenner in EDMONTON ICE zone.
10:16 of 3rd period - Shot by Lars Eller.
10:16 of 3rd period - Stopped by Philipp Grubauer without a rebound.
10:17 of 3rd period - Vincent Trocheck wins face-off versus Jonathan Huberdeau in EDMONTON ICE zone.
10:25 of 3rd period - Icing by Vincent Trocheck.
10:26 of 3rd period - Vincent Trocheck wins face-off versus Aleksander Barkov in EDMONTON ICE zone.
11:00 of 3rd period - Shot by Phil Kessel.
11:00 of 3rd period - Stopped by Andrei Vasilevskiy without a rebound.
11:01 of 3rd period - Lars Eller wins face-off versus Ryan O'Reilly in SACRAMENTO BANDITS zone.
11:01 of 3rd period - Lars Eller is hit by Scott Laughton.
11:18 of 3rd period - Icing by Jeff Petry.
11:19 of 3rd period - Ryan O'Reilly wins face-off versus Kyle Turris in EDMONTON ICE zone.
11:37 of 3rd period - Icing by Mikhail Sergachev.
11:38 of 3rd period - Vincent Trocheck wins face-off versus Kyle Turris in SACRAMENTO BANDITS zone.
11:53 of 3rd period - Shot by Vincent Trocheck.
11:53 of 3rd period - Deflect By Phil Kessel.
11:53 of 3rd period - Shot Misses the Net.
12:15 of 3rd period - Minor Penalty to Vincent Trocheck for Hooking.
12:16 of 3rd period - Boone Jenner wins face-off versus Aleksander Barkov in EDMONTON ICE zone.
12:39 of 3rd period - Shot by Aleksander Barkov.
12:39 of 3rd period - Shot Misses the Net.
12:51 of 3rd period - Shot by Jonathan Huberdeau.
12:51 of 3rd period - Shot Blocked by Ryan Graves.
12:53 of 3rd period - Shot by Joel Edmundson.
12:53 of 3rd period - Shot Misses the Net.
13:42 of 3rd period - Shot by Brock Boeser.
13:42 of 3rd period - Deflect By Lars Eller.
13:42 of 3rd period - Stopped by Philipp Grubauer with a rebound.
13:46 of 3rd period - Shot by John Carlson.
13:46 of 3rd period - Stopped by Philipp Grubauer without a rebound.
13:47 of 3rd period - Lars Eller wins face-off versus Boone Jenner in EDMONTON ICE zone.
14:15 of 3rd period - Off-side.
14:16 of 3rd period - Colton Sissons wins face-off versus Vincent Trocheck in neutral zone.
14:19 of 3rd period - Vincent Trocheck is hit by Tom Wilson and loses puck.
14:28 of 3rd period - Carter Verhaeghe is hit by Timo Meier and loses puck.
14:44 of 3rd period - Vincent Trocheck is hit by Niko Mikkola.
15:05 of 3rd period - Icing by Ben Harpur.
15:06 of 3rd period - Ryan O'Reilly wins face-off versus Colton Sissons in SACRAMENTO BANDITS zone.
15:10 of 3rd period - Icing by Ben Harpur.
15:11 of 3rd period - Ryan O'Reilly wins face-off versus Colton Sissons in SACRAMENTO BANDITS zone.
15:20 of 3rd period - Ben Harpur is hit by Joel Eriksson Ek and loses puck.
15:43 of 3rd period - Alexander DeBrincat is hit by Scott Laughton and loses puck.
15:52 of 3rd period - Shot by Joel Eriksson Ek.
15:52 of 3rd period - Stopped by Andrei Vasilevskiy without a rebound.
15:53 of 3rd period - Lars Eller wins face-off versus Vincent Trocheck in SACRAMENTO BANDITS zone.
16:17 of 3rd period - Shot by Brock Boeser.
16:17 of 3rd period - Shot Misses the Net.
18:10 of 3rd period - Ryan O'Reilly is hit by Niko Mikkola and loses puck.
18:25 of 3rd period - Shot by Tom Wilson.
18:25 of 3rd period - Shot Blocked by Joel Eriksson Ek.
18:27 of 3rd period - Shot by Tom Wilson.
18:27 of 3rd period - Shot Misses the Net.
18:29 of 3rd period - Shot by Carter Verhaeghe.
18:29 of 3rd period - Deflect By Colton Sissons.
18:29 of 3rd period - Shot Blocked by Zach Whitecloud.
18:31 of 3rd period - Shot by Ben Harpur.
18:31 of 3rd period - Stopped by Philipp Grubauer with a rebound.
18:33 of 3rd period - Shot by Colton Sissons.
18:33 of 3rd period - Deflect By Carter Verhaeghe.
18:33 of 3rd period - Shot Misses the Net.
18:35 of 3rd period - Shot by Colton Sissons.
18:35 of 3rd period - Goal by Colton Sissons - EDMONTON ICE : 2 - SACRAMENTO BANDITS : 2.
18:36 of 3rd period - Boone Jenner wins face-off versus Kyle Turris in neutral zone.
19:25 of 3rd period - Anthony Mantha is hit by Filip Hronek and loses puck.
19:38 of 3rd period - Shot by Vincent Trocheck.
19:38 of 3rd period - Stopped by Andrei Vasilevskiy with a rebound.
19:48 of 3rd period - Shot by Shea Theodore.
19:48 of 3rd period - Stopped by Andrei Vasilevskiy without a rebound.
19:49 of 3rd period - Jonathan Huberdeau wins face-off versus Vincent Trocheck in SACRAMENTO BANDITS zone.
19:56 of 3rd period - Shea Theodore is hit by Jonathan Huberdeau and loses puck.
Goals for this period are 0 for EDMONTON ICE vs 1 for SACRAMENTO BANDITS.
Shots for this period are 9 for EDMONTON ICE vs 10 for SACRAMENTO BANDITS.

Overtime #1


0:01 of 1st overtime period - Ryan O'Reilly wins face-off versus Aleksander Barkov in neutral zone.
0:09 of 1st overtime period - Icing by Jonathan Huberdeau.
0:10 of 1st overtime period - Ryan O'Reilly wins face-off versus Aleksander Barkov in SACRAMENTO BANDITS zone.
0:35 of 1st overtime period - Shot by Vincent Trocheck.
0:35 of 1st overtime period - Shot Blocked by Aleksander Barkov.
0:37 of 1st overtime period - Shot by Ryan O'Reilly.
0:37 of 1st overtime period - Shot Misses the Net.
0:39 of 1st overtime period - Shot by Shea Theodore.
0:39 of 1st overtime period - Shot Misses the Net.
0:41 of 1st overtime period - Shot by Vincent Trocheck.
0:41 of 1st overtime period - Goal by Vincent Trocheck - EDMONTON ICE : 3 - SACRAMENTO BANDITS : 2.
Goals for this period are 1 for EDMONTON ICE vs 0 for SACRAMENTO BANDITS.
Shots for this period are 1 for EDMONTON ICE vs 0 for SACRAMENTO BANDITS.


SEBASTIAN
AHO
MARK
SCHEIFELE
JAKE
OETTINGER

EAST COAST

HOCKEY LEAGUE

  • 17.QUE3CHI2
  • 18.CHA2LIM4
  • 19.TRV3LON2
  • 20.CHW1BAL2
  • 21.PITMAN
  • 22.ATLNHW
  • 23.WORPET
  • 24.RHI